[Event "SixDays Budapest GM-C 10-2024"]
[Site "Budapest"]
[Date "2024.10.04"]
[Round "8.3"]
[White "Chen, Yining"]
[Black "Borgaonkar Akshay"]
[Result "1/2-1/2"]
[ECO "D10"]
[WhiteElo "2252"]
[BlackElo "2415"]
[Annotator "RC"]
[PlyCount "103"]
[EventDate "2024.09.24"]
[EventType "tourn"]
[EventCountry "HUN"]
[SourceTitle "playchess.com"]
[Source "ChessBase"]
[SourceQuality "1"]
[TimeControl "5400+30"]

1. d4 d5 2. c4 c6 3. Nc3 Nf6 4. e3 Bf5 5. f3 e6 6. g4 Bg6 7. h4 h6 8. Nge2 Bd6 9. Nf4 Bh7 10. Kf2 Bxf4 11. exf4 dxc4 12. Bxc4 b5 13. Bb3 h5 14. f5 hxg4 15. fxe6 fxe6 16. Bxe6 Qd6 17. Bg5 Na6 18. Qe2 Qxd4+ 19. Kg2 Bd3 20. Qf2 Qxf2+ 21. Kxf2 Nc5 22. Rae1 gxf3 23. Bxf6 gxf6 24. Kxf3 b4 25. Bf5+ Kf7 26. Ne4 Rad8 27. h5 Bxe4+ 28. Bxe4 Nxe4 29. Rxe4 c5 30. h6 Rd3+ 31. Kf4 Rd4 32. Rxd4 cxd4 33. Ke4 Kg6 34. Rg1+ Kxh6 35. Kf5 d3 36. Kxf6 Rf8+ 37. Ke5 Rf2 38. Rb1 Rc2 39. Kf6 Rc6+ 40. Kf5 d2 41. Rd1 Rc2 42. Kf6 Kh7 43. Kf7 Rc7+ 44. Kf6 Rc6+ 45. Kf7 Rc7+ 46. Kf6 Rc2 47. Kf7 Kh6 48. Kf6 Kh5 49. Kf5 Kh4 50. Kf4 Kh3 51. Kf3 Kh2 52. Ke3 1/2-1/2

[Event "SixDays Budapest GM-C 10-2024"]
[Site "Budapest"]
[Date "2024.10.04"]
[Round "8.4"]
[White "Mamatov, Melis"]
[Black "Srihari L R"]
[Result "0-1"]
[ECO "C55"]
[WhiteElo "2362"]
[BlackElo "2503"]
[Annotator "TA"]
[PlyCount "138"]
[EventDate "2024.09.24"]
[EventType "tourn"]
[EventCountry "HUN"]
[SourceTitle "playchess.com"]
[Source "ChessBase"]
[SourceQuality "1"]
[TimeControl "5400+30"]

1. e4 e5 2. Nf3 Nc6 3. Bc4 Nf6 4. d3 h6 5. c3 d6 6. O-O g5 {[%emt 0:00:25] C55: Two Knights: 4 d3, 4 d4 exd4 5 e5 and Max Lange Attack.} 7. Re1 Bg7 8. d4 g4 9. dxe5 Nd7 10. Nd4 Ndxe5 11. Bf1 Qf6 12. Na3 Be6 $146 ({Predecessor:} 12... Bd7 13. Nab5 O-O-O 14. Be3 Kb8 15. a4 h5 16. Qd2 Bh6 17. Bxh6 Rxh6 18. Qe3 h4 {0-1 Buchenau,F (2218)-Bai,A (2411) Rilton Cup 50th 2022 (1)}) 13. Nab5 Kd7 14. Nxc6 bxc6 15. Nd4 h5 16. Be3 Bh6 17. Qa4 a6 18. Rad1 h4 19. Qc2 (19. Bxa6 g3 20. Kh1 (20. fxg3 $2 hxg3 21. Qc2 Bxe3+ 22. Rxe3 Rxh2 $19) 20... h3 $19 (20... gxf2 $2 21. Bxf2 Qxf2 22. Re2 $19)) (19. Nxc6 $1 $14 {keeps the upper hand.} Nxc6) 19... g3 (19... Bxe3 $17 20. Rxe3 Qg5) 20. h3 Bxe3 21. Rxe3 Qxf2+ (21... Bxa2 22. fxg3 hxg3 23. Rxg3 $11) 22. Qxf2 gxf2+ 23. Kxf2 Bxa2 24. Ra1 Bc4 25. Nf3 Bxf1 26. Nxe5+ dxe5 27. Rxf1 Ke6 28. Rf3 f6 29. Ke2 Rh6 30. Ra1 (30. Kd3 $11 {keeps the balance.}) 30... a5 31. b3 (31. Rf2 $15) 31... Rg6 32. Kf1 Rb8 33. Rxa5 Rxb3 34. Ra2 Rg3 35. Raf2 Rb1+ (35... Rxc3 36. Rxf6+ Kd7 37. Rf7+ Kc8 38. Re2 $11) 36. Ke2 Rg6 37. g4 hxg3 38. Rg2 Rh6 ({Of course not} 38... Rb2+ $6 39. Kf1 Rxg2 (39... Rb1+ 40. Ke2 $17) 40. Kxg2 $11) 39. Rgxg3 Rh1 40. Re3 Rh4 41. Kd3 Kf7 42. Rgf3 Rh2 (42... Rg1 $17 43. Ke2 Ke6) 43. Kc4 $15 Ra2 $1 44. Rg3 $2 {[%emt 0:00:39] [#]} (44. Kc5 $15) 44... Ra4+ $1 $19 45. Kd3 c5 46. Rg4 $2 (46. Re2) 46... c4+ 47. Ke2 Ra2+ 48. Kf1 Rxg4 49. hxg4 Kg6 50. Rh3 Rd2 51. Rf3 $2 (51. Rh8) 51... Rd3 $19 52. Rf5 Rg3 53. g5 Rxg5 ({And not} 53... Rxc3 54. gxf6 Kf7 55. Ke2 $11) 54. Rf3 f5 55. Rh3 f4 56. Rh8 Rg3 57. Rg8+ Kh5 58. Re8 Kg4 59. Kf2 Rf3+ 60. Kg2 Re3 (60... Rxc3 $142 61. Rg8+ Kh4) 61. Rxe5 Rxc3 62. Re7 Rc2+ 63. Kg1 c5 64. Rc7 Kg3 65. Rg7+ Kf3 66. e5 Re2 67. e6 c3 68. Rc7 c2 69. Rxc5 Re1+ ({Worse is} 69... Rxe6 70. Kf1 $11) 0-1

[Event "SixDays Budapest GM-C 10-2024"]
[Site "Budapest"]
[Date "2024.10.04"]
[Round "8.5"]
[White "Susilodinata, Andrean"]
[Black "Laddha, Shubh Jayesh"]
[Result "1-0"]
[ECO "C70"]
[WhiteElo "2393"]
[BlackElo "2308"]
[Annotator "RC"]
[PlyCount "185"]
[EventDate "2024.09.24"]
[EventType "tourn"]
[EventCountry "HUN"]
[SourceTitle "playchess.com"]
[Source "ChessBase"]
[SourceQuality "1"]
[TimeControl "5400+30"]

1. e4 e5 2. Nf3 Nc6 3. Bb5 a6 4. Ba4 Bc5 5. c3 Nge7 6. d4 exd4 7. cxd4 Bb4+ 8. Nc3 d5 9. O-O dxe4 10. Nxe4 O-O 11. h3 Bf5 12. Ng3 Bg6 13. a3 Ba5 14. Bb3 Nd5 15. h4 h6 16. Ne5 Nxe5 17. dxe5 c6 18. h5 Bh7 19. Qf3 Re8 20. Bf4 Qh4 21. Bxd5 cxd5 22. Rad1 Rad8 23. Rd4 Bb6 24. Rb4 Bc5 25. Rxb7 Be4 26. Nxe4 dxe4 27. Qxe4 Rd4 28. Qc6 Rxf4 29. Qxc5 Qxh5 30. Re7 Rxe7 31. Qxe7 Rh4 32. f3 Rd4 33. e6 fxe6 34. Qxe6+ Kh7 35. Qe3 Qd5 36. Re1 Rd2 37. Re2 Rd1+ 38. Kf2 a5 39. Qe4+ Qxe4 40. Rxe4 Rb1 41. Re2 Kg6 42. Ke3 Rd1 43. Rd2 Rc1 44. Kd4 Kf5 45. b4 axb4 46. axb4 Ke6 47. Ra2 Rc7 48. Ra6+ Kd7 49. b5 Rb7 50. Kc5 Rc7+ 51. Rc6 Ra7 52. Rg6 Kc8 53. b6 Rf7 54. Kc6 Kb8 55. Re6 Rf8 56. Re7 g5 57. Rh7 Rc8+ 58. Kd5 Rc2 59. g4 Rh2 60. Ke4 Rh3 61. Rf7 Kc8 62. Ke5 Kb8 63. Ke6 Kc8 64. Rf6 Kb7 65. Kf7 Ka6 66. Kg7 Kb7 67. Rxh6 Rxf3 68. Kg6 Kxb6 69. Kxg5+ Kc7 70. Re6 Kd7 71. Re4 Rf8 72. Kh6 Rh8+ 73. Kg6 Rh4 74. Kf6 Kd8 75. Kf7 Rh7+ 76. Kg6 Rh4 77. Kg5 Rh8 78. Kf5 Rh4 79. Re1 Rh2 80. g5 Rf2+ 81. Kg6 Kd7 82. Kg7 Rg2 83. g6 Rg3 84. Kf7 Rf3+ 85. Kg8 Rh3 86. g7 Rh2 87. Re4 Kd6 88. Kf7 Rf2+ 89. Kg6 Rg2+ 90. Kf6 Rg1 91. Rd4+ Kc7 92. Rd5 Kc6 93. Rg5 1-0